 Dungeon Crawl Stone Soup version 0.30-a0-347-gf58ed5266c (webtiles) character file.

Game seed: 16771789567032023563

177 HolyTactitian the Conjurer (level 5, 0/31 HPs)
             Began as a Tengu Reaver on Nov 6, 2022.
             Slain by a hobgoblin
             ... wielding a +0 hand axe
              (2 damage)
             ... on level 4 of the Dungeon.
             The game lasted 00:21:50 (3220 turns).

HolyTactitian the Conjurer (Tengu Reaver)           Turns: 3220, Time: 00:21:52

Health: 0/31       AC:  6    Str: 15    XL:     5   Next: 57%
Magic:  9/9        EV: 14    Int: 13    God:
Gold:   260        SH:  0    Dex: 12    Spells: 2/8 levels left

rFire   . . .      SeeInvis .    i - +1 dagger (flame)
rCold   . . .      Faith    .    (no shield)
rNeg    . . .      Spirit   .    c - +3 leather armour
rPois   .          Reflect  .    (helmet restricted)
rElec   .          Harm     .    (no cloak)
rCorr   .          Rampage  .    (no gloves)
Will    .....                    (boots unavailable)
Stlth   +.........               (no amulet)
HPRegen 0.25/turn                (no ring)
MPRegen 0.11/turn                (no ring)

@: lethally poisoned (0 -> 0), about to teleport, flying quickly and evasively,
quick
A: beak, talons 3, nimble flight
a: no special abilities


You were on level 4 of the Dungeon.
You visited 1 branch of the dungeon, and saw 4 of its levels.

You collected 260 gold pieces.

Inventory:

Hand Weapons
 a - a +0 falchion
 i - a +1 dagger of flaming (weapon)
 j - a +0 arbalest
Missiles
 o - a throwing net
 p - 3 javelins
Armour
 b - a +0 leather armour
 c - a +3 leather armour (worn)
 r - a +0 pair of gloves
Wands
 u - a wand of flame (7)
 v - a wand of mindburst (17) (quivered)
Scrolls
 f - a scroll of teleportation
 g - 3 scrolls of immolation
 k - a scroll of summoning
 q - a scroll of butterflies
 s - a scroll of identify
 t - a scroll of enchant weapon {unknown}
 w - a scroll of magic mapping
Potions
 d - 2 potions of flight {unknown}
 e - 2 potions of attraction {unknown}
 h - a potion of cancellation {unknown}
 l - 2 potions of berserk rage
 m - a potion of invisibility {unknown}
 n - a potion of lignification {unknown}
 x - a potion of mutation {unknown}


   Skills:
 + Level 2.4 Fighting
 + Level 1.9(3.3) Short Blades
 + Level 4.2(4.4) Long Blades
 + Level 2.6 Armour
 + Level 2.6 Dodging
 + Level 1.6 Stealth
 + Level 2.1 Spellcasting
 + Level 4.4 Conjurations


You had 2 spell levels left.
You knew the following spells:

 Your Spells              Type           Power      Damage    Failure   Level
a - Kiss of Death         Conj/Necr      28%        2d7       13%         1
b - Momentum Strike       Conj/Tloc      14%        3d8       19%         2
c - Hailstorm             Conj/Ice       7%         3d4       36%         3

Your spell library contained the following spells:

 Spells                   Type           Power      Damage    Failure   Level
 Blink                    Tloc           2%         N/A       43%         2
 Gell's Gravitas          Tloc           1%         N/A       67%         3
 Lesser Beckoning         Tloc           2%         N/A       67%         3
 Summon Guardian Golem    Hex/Summ       1%         N/A       67%         3
 Teleport Other           Tloc           1%         N/A       67%         3
 Dispersal                Tloc           0%         N/A       100%        6
 Orb of Destruction       Conj           6%         9d6       100%        7
 Spellforged Servitor     Conj/Summ      3%         N/A       100%        7


Dungeon Overview and Level Annotations

Branches:
Dungeon (4/15)
 Temple: D:4-7

Altars:


Innate Abilities, Weirdness & Mutations

You have a beak for a mouth.
You have claws for feet.
Your magical nature lets you fly swiftly and evasively.


Message History

The ball python grabs you. The ball python constricts you.
You escape the ball python's grasp.
The ball python barely misses you. The ball python grabs you.
The ball python constricts you. The adder bites you.
You are poisoned.
The adder poisons you!
You hit the ball python. You burn the ball python.
You kill the ball python!
You feel sick. The adder closely misses you.
A worm comes into view.
Okay, then.
Aiming: Mindburst
Press: ? - help, Q - select action, (/) - cycle Shift-Dir - straight line The hobgoblin barely resists.
You feel sick. The adder bites you but does no damage.
You closely miss the hobgoblin. You peck the hobgoblin.
The hobgoblin is moderately wounded.
You feel sick. The adder bites you.
The hobgoblin hits you with a +0 hand axe.
You closely miss the hobgoblin. You claw the hobgoblin.
The hobgoblin is heavily wounded.
You feel sick. The adder bites you.
* * * LOW HITPOINT WARNING * * *
The hobgoblin hits you but does no damage.
The hobgoblin hits your butterfly with a +0 hand axe.
Your butterfly dies!
Your butterfly disappears in a burst of colours!
The adder attacks as you move away! The adder bites you.
* * * LOW HITPOINT WARNING * * *
You feel sick. The hobgoblin misses you. Something misses your butterfly.
The adder bites you.
* * * LOW HITPOINT WARNING * * *
As you read the scroll of teleportation, it crumbles to dust.
You feel strangely unstable.
You feel sick.
Your butterfly disappears in a burst of colours!
The adder closely misses you. Something hits your butterfly.
Your butterfly dies!
Your butterfly disappears in a burst of colours!
The hobgoblin hits you with a +0 hand axe.
You die...

#.#.......##.##..
#.......b.(..!....
...[.#.#.........# #
....g..........#.# .###
.......bb..>#w...###....
......bb....##b...#..<.
..b.o.)b.†..........#
##..b#.##.####.g....#...
......bo......oS@.......
....#..##.###..#.#####.#
...............#...
....†.#.######...#...
.........#######......#
###..##.......####.####
#..##.####.## .. #
#.###......##.##
##.###..........#


You could see a worm, an adder, an orc and a hobgoblin.

Vanquished Creatures
  Natasha (thrice) (D:3)
  An iguana (D:4)
  2 adders
  4 dart slugs
  4 orcs (D:3)
  3 endoplasms
  A giant cockroach (D:4)
  8 goblins
  4 hobgoblins
  2 quokkas
  5 ball pythons
  2 bats
  6 frilled lizards
  3 kobolds
  A rat (D:3)
49 creatures vanquished.

Notes
Turn   | Place    | Note
-------+----------+-------------------------------------------
     0 | D:1      | HolyTactitian the Tengu Reaver began the quest for the Orb.
     0 | D:1      | Reached XP level 1. HP: 12/12 MP: 4/4
   345 | D:1      | Reached XP level 2. HP: 17/17 MP: 6/6
   377 | D:1      | Learned a level 2 spell: Momentum Strike
  1600 | D:2      | Reached XP level 3. HP: 19/19 MP: 7/7
  1769 | D:2      | Reached skill level 1 in Armour
  1780 | D:2      | Learned a level 3 spell: Hailstorm
  2715 | D:3      | Noticed Natasha
  2729 | D:3      | Killed Natasha
  2730 | D:3      | Reached skill level 1 in Stealth
  2730 | D:3      | Reached XP level 4. HP: 15/27 MP: 8/8
  2808 | D:3      | Noticed Natasha
  2816 | D:3      | Killed Natasha
  2817 | D:3      | Reached skill level 1 in Short Blades
  2986 | D:3      | Noticed Natasha
  3010 | D:3      | Killed Natasha
  3011 | D:3      | Gained mutation: Your magical nature lets you fly swiftly
                  | and evasively. [Tengu growth]
  3011 | D:3      | Reached XP level 5. HP: 13/31 MP: 9/9
  3220 | D:4      | Slain by a hobgoblin

Illustrated notes

Levels and vault maps discovered:
D:1:      dreamdust_arrival_sigmund_warning, layout_basic, nrook_campfire
D:2:      layout_basic
D:3:      layout_basic, uniq_natasha
D:4:      cheibrodos_barr_body, layout_rooms, uniq_robin

Skill      XL: |  1  2  3  4 |
---------------+-------------+-----
Armour         | 1 2 |  2.6
Long Blades    | 4 |  4.2
Stealth        | 1 |  1.6
Short Blades   | 1 |  1.9
Fighting       | |  2.4
Dodging        | |  2.6
Spellcasting   | |  2.1
Conjurations   | |  4.4

Action                   |  1- 3 |  4- 6 || total
-------------------------+-------+-------++-------
Melee: Falchion          |    78 |       ||    78
       Peck              |     8 |     9 ||    17
       Kick              |    15 |     9 ||    24
       Punch             |     2 |       ||     2
       Dagger            |     6 |    44 ||    50
 Cast: Kiss of Death     |     1 |       ||     1
Evoke: Wand              |       |     1 ||     1
  Use: Scroll            |     7 |     2 ||     9
 Stab: Sleeping          |       |     1 ||     1
Armor: Leather armour    |    34 |    17 ||    51
Dodge: Dodged            |    48 |    38 ||    86

Table legend: (Time is in decaauts)
 A = Elapsed time spent in this place.
 B = Non-inter-level travel time spent in this place.
 C = Inter-level travel time spent in this place.
 D = Time resting spent in this place.
 E = Time spent auto-exploring this place.
 F = Levels seen in this place.
 G = Mean time per level.
                   A        B        C        D        E       F      G
               +--------+--------+--------+--------+--------+-----+--------+
         Total |   3214 |   3210 |      4 |    396 |      0 |   4 |  803.5 |
       Dungeon |   3214 |   3210 |      4 |    396 |      0 |   4 |  803.5 |
               +--------+--------+--------+--------+--------+-----+--------+

Top non-repeatable levels by time:
     D:1: 1379 daAuts
     D:3: 1050 daAuts
     D:2: 715 daAuts
     D:4: 69 daAuts
